 Dungeon Crawl Stone Soup version 0.22-a0-305-gd21a89c (webtiles) character file.

122 Gorice the Covered (level 4, -6/33 HPs)
             Began as a Demonspawn Wanderer on Mar 31, 2018.
             Mangled by a gnoll
             ... wielding a +0 spear
              (8 damage)
             ... on level 2 of the Dungeon.
             The game lasted 00:07:04 (1495 turns).

Gorice the Covered (Demonspawn Wanderer)            Turns: 1495, Time: 00:07:04

Health: -6/33      AC:  5    Str: 11    XL:     4   Next: 78%
Magic:  4/4        EV: 10    Int: 15    God:
Gold:   44         SH:  0    Dex: 13    Spells: 3/3 levels left

rFire    + . .     SeeInvis .   c - +0 hand crossbow
rCold    . . .     Gourm    .   (no shield)
rNeg     . . .     Faith    .   b - +0 ring mail
rPois    .         Spirit   .   (helmet restricted)
rElec    .         Reflect  .   (no cloak)
rCorr    .         Harm     .   (no gloves)
MR       .....                  (no boots)
Stlth    +.........             g - amulet of inaccuracy (curse)
HPRegen  0.11/turn              j - ring of protection from fire
MPRegen  0.09/turn              (no ring)

@: no status effects
A: horns 2
a: no special abilities


You were on level 2 of the Dungeon.
You were hungry.

You visited 1 branch of the dungeon, and saw 2 of its levels.

You collected 44 gold pieces.

Inventory:

Hand Weapons
 c - a +0 hand crossbow (weapon)
 h - a +0 whip
 k - a +0 hand axe
Missiles
 d - 16 bolts (quivered)
 Y - 34 stones
Armour
 b - a +0 ring mail (worn)
Jewellery
 g - a cursed amulet of inaccuracy (around neck)
 j - a ring of protection from fire (left hand)
Wands
 a - a wand of flame (15)
 l - a wand of digging (7)
Scrolls
 Z - 2 scrolls of teleportation {!r}
Potions
 e - a potion of cancellation {unknown}
 i - a potion of agility {unknown}
 o - a potion of resistance {unknown}
Comestibles
 f - 9 rations


   Skills:
 - Level 2.0 Fighting
 * Level 3.9 Crossbows
 - Level 1.0 Throwing
 + Level 4.3 Armour
 - Level 1.0 Evocations


You had 3 spell levels left.
You didn't know any spells.

Dungeon Overview and Level Annotations

Branches:
Dungeon (2/15)

Altars:


Innate Abilities, Weirdness & Mutations

You have a pair of horns on your head.


Message History

Aim: a gnoll, wielding a club You shoot a bolt.
The bolt hits the gnoll.
The gnoll is lightly wounded.
Firing (i - inventory. (/) - cycle)
d - 22 bolts (quivered)
Press: ? - help, Shift-Dir - straight line, f/p - gnoll
Aim: a gnoll, wielding a club You shoot a bolt.
The bolt hits the gnoll.
The gnoll is moderately wounded.
The gnoll hits you from afar with a spear.
* * * LOW HITPOINT WARNING * * *
A gnoll comes into view. It is wielding a club.
Damage: 1 (max 1) Firing (i - inventory. (/) - cycle)
d - 21 bolts (quivered)
Press: ? - help, Shift-Dir - straight line, f/p - gnoll
Aim: a gnoll, wielding a club You shoot a bolt.
The bolt barely misses the gnoll. x2
The gnoll shouts!
A gnoll comes into view. It is wielding a halberd.
Firing (i - inventory. (/) - cycle)
d - 20 bolts (quivered)
Press: ? - help, Shift-Dir - straight line, f/p - gnoll
Aim: a gnoll, wielding a club You shoot a bolt.
The bolt hits the gnoll!
The gnoll is heavily wounded.
Firing (i - inventory. (/) - cycle)
d - 19 bolts (quivered)
Press: ? - help, Shift-Dir - straight line, f/p - gnoll
Aim: a gnoll, wielding a club (heavily wounded)
You shoot a bolt. The bolt hits the gnoll.
You kill the gnoll!
The gnoll completely misses you.
Firing (i - inventory. (/) - cycle)
d - 18 bolts (quivered)
Press: ? - help, Shift-Dir - straight line, f - gnoll
Aim: a gnoll, wielding a halberd You shoot a bolt.
The bolt completely misses the gnoll.
The bolt hits the gnoll.
The gnoll is lightly wounded.
The gnoll hits you from afar with a spear.
* * * LOW HITPOINT WARNING * * *
The gnoll hits you from afar with a spear!
* * * LOW HITPOINT WARNING * * *
Firing (i - inventory. (/) - cycle)
d - 17 bolts (quivered)
Press: ? - help, Shift-Dir - straight line, f/p - gnoll
Aim: a gnoll, wielding a halberd You shoot a bolt.
The bolt misses the gnoll.
The bolt hits the gnoll but does no damage.
The gnoll is lightly wounded.
The gnoll closely misses you.
A rat comes into view.
Damage: 14 (max 14)
The gnoll hits you from afar with a spear!
You die...

#### ...#
##.################
#..............@.#
################(#
*g# ** *g#
,********** *g#
,,,,,,,,,,* *.#
,********,* *r#**
,* *,* *..,* ,* *,*
***,**


You could see 3 gnolls and a rat.

Vanquished Creatures
  Natasha (twice) (D:2)
  A gnoll (D:2)
  2 adders (D:2)
  2 worms (D:2)
  A dart slug (D:1)
  2 leopard geckos (D:1)
  A giant cockroach (D:2)
  7 hobgoblins
  A quokka (D:2)
  4 bats
  A frilled lizard (D:1)
  2 goblins (D:2)
  8 kobolds
  5 rats
39 creatures vanquished.

Notes
Turn   | Place    | Note
-------+----------+-------------------------------------------
     0 | D:1      | Gorice the Demonspawn Wanderer began the quest for the Orb.
     0 | D:1      | Gorice set off with: a wand of flame (15), a +0 ring mail, a +0 hand crossbow, 25 bolts, a ration
     0 | D:1      | Reached XP level 1. HP: 16/16 MP: 1/1
    31 | D:1      | Reached skill level 2 in Crossbows
   266 | D:1      | Gained mutation: You have a pair of small horns on your head. [demonic ancestry]
   266 | D:1      | Reached XP level 2. HP: 22/22 MP: 2/2
   740 | D:2      | Gained mutation: You have a pair of horns on your head. [demonic ancestry]
   740 | D:2      | Reached XP level 3. HP: 25/27 MP: 3/3
   788 | D:2      | Reached skill level 4 in Armour
   888 | D:2      | Noticed Natasha
   890 | D:2      | Killed Natasha
   890 | D:2      | Reached skill level 3 in Crossbows
  1039 | D:2      | Reached XP level 4. HP: 30/33 MP: 4/4
  1113 | D:2      | Noticed Natasha
  1126 | D:2      | HP: 9/33 [shadow imp[Natasha] (2)]
  1131 | D:2      | HP: 8/33 [shadow imp[Natasha] (1)]
  1134 | D:2      | Killed Natasha
  1493 | D:2      | HP: 2/33 [gnoll/spear (9)]
  1495 | D:2      | Mangled by a gnoll

Vault maps used:
D:1:      dpeg_arrival_short_road, st_stairs_13
D:2:      grunt_ministairs_6, corexii_hall_statues_i, uniq_natasha

Skill      XL: |  1  2  3 |
---------------+----------+-----
Crossbows      | 2 3 |  3.9
Armour         | 4 |  4.3
Fighting       | |  2.0
Throwing       | |  1.0
Evocations     | |  1.0

Action                   |  1- 3 |  4- 6 || total
-------------------------+-------+-------++-------
 Fire: Hand crossbow     |   109 |    55 ||   164
  Use: Scroll            |       |     4 ||     4
  Eat: Chunk             |       |     1 ||     1
Armor: Ring mail         |    27 |     6 ||    33
Dodge: Dodged            |    31 |    22 ||    53

Table legend:
 A = Spawn XP
 B = Non-spawn XP
 C = Spawn XP percentage of total XP
 D = Spawn monster count
 E = Non-spawn monster count
 F = Spawn count percentage of total count
 G = Total turns spent on level
                    A         B        C        D         E        F      G
               +---------+---------+-------+---------+---------+-------+---------
         Total |       0 |     175 |   0.0 |       0 |      39 |   0.0 |  1495
               +---------+---------+-------+---------+---------+-------+---------
           D:1 |       0 |      29 |   0.0 |       0 |      16 |   0.0 |   728
           D:2 |       0 |     146 |   0.0 |       0 |      23 |   0.0 |   767
               +---------+---------+-------+---------+---------+-------+---------

Table legend:
 A = Turns spent in this place as a percentage of turns spent in the entire game.
 B = Non-inter-level travel turns spent in this place as a percentage of non-inter-level travel turns spent in the entire game.
 C = Inter-level travel turns spent in this place as a percentage of turns spent in this place.
 D = Turns resting spent in this place as a percentage of non-inter-level travel turns spent in this place.
 E = Turns spent auto-exploring this place as a percentage of non-inter-level travel turns spent in this place.
 F = Non-inter-level travel turns spent in this place divided by the number of levels of this place that you've seen.
                   A       B       C       D       E      F
               +-------+-------+-------+-------+-------+----------------------
         Total | 100.0 | 100.0 |   1.1 |  13.5 |  40.5 | 739.0
       Dungeon | 100.0 | 100.0 |   1.1 |  13.5 |  40.5 | 739.0
               +-------+-------+-------+-------+-------+----------------------

Vault maps used:
D:1:      dpeg_arrival_short_road, st_stairs_13
D:2:      grunt_ministairs_6, corexii_hall_statues_i, uniq_natasha
